AoeStats
← KabaH4iK

African Clearing

510351217Analyzed
4v4 RM · 2d ago on Sep 30, 2026· 48m 38s· 8 players
Game mode
Random Map
Map size
Large (8 player)
Population
200
Speed
Normal
Resources
Standard
Victory
Conquest
Starting age
Dark Age
Ending age
Imperial Age
RankedLock teamsTeams togetherTeam positionsShared explorationLock speedFull tech treeHidden civsTurbo modeCheats
Victory
Defeat
🇨🇳 Berbers · China
1156
+11
🇭🇰 Saracens · Hong Kong SAR China
1130
+12
🇺🇸 Goths · United States
1119
+12
🇨🇳 Persians · China
1107
+13
🇺🇦 Britons · Ukraine
1064
-13
🇷🇴 Khmer · Romania
1058
-12
🇮🇳 Ethiopians · India
1049
-12
🇩🇪 Chinese · Germany
1000
-36
KabaH4iK
14:25 Feudal Age
14:27 Loom
16:15 Double-Bit Axe
20:01 Castle Age
18:34 Fletching
19:58 Forging
20:43 Crossbowman
22:59 Bodkin Arrow
23:20 Gold Mining
25:58 Squires
27:08 Wheelbarrow
28:32 Gold Shaft Mining
29:23 Horse Collar
31:12 Ballistics
34:05 Iron Casting
33:33 Padded Archer Armor
37:16 Hand Cart
39:21 Scale Barding Armor
39:35 Leather Archer Armor
44:38 Stone Mining
46:10 Treadmill Crane
46:41 Masonry
Alex
5:09 Loom
14:52 Feudal Age
18:52 Castle Age
17:08 Fletching
19:36 Padded Archer Armor
19:19 Crossbowman
20:47 Bodkin Arrow
27:28 Town Watch
35:16 Ballistics
34:52 Murder Holes
35:35 Stone Mining
36:41 Wheelbarrow
37:15 Leather Archer Armor
42:29 Imperial Age
40:50 Double-Bit Axe
42:23 Thumb Ring
42:38 Arbalester
43:49 Bracer
46:57 Chemistry
48:36 Conscription
matheusvalera
4:08 Loom
15:08 Feudal Age
15:43 Double-Bit Axe
15:42 Horse Collar
22:00 Castle Age
23:05 Stone Mining
23:06 Gold Mining
23:30 Bow Saw
23:29 Husbandry
26:59 Wheelbarrow
26:10 Town Watch
29:11 Hand Cart
28:57 Town Patrol
37:06 Scale Barding Armor
37:12 Forging
40:51 Imperial Age
38:22 Town Patrol
38:53 Heavy Plow
40:18 Great Wall
40:58 Iron Casting
40:44 Chain Barding Armor
41:40 Cavalier
ionut_s
3:40 Loom
14:23 Feudal Age
17:45 Scale Barding Armor
17:51 Forging
18:10 Bloodlines
22:02 Castle Age
22:15 Light Cavalry
22:58 Husbandry
23:20 Chain Barding Armor
28:47 Horse Collar
33:14 Heavy Plow
38:46 Double-Bit Axe
43:16 Imperial Age
41:02 Town Watch
42:45 Ballistics
42:37 Masonry
44:47 Wheelbarrow
44:12 Town Patrol
43:49 Hussar
43:51 Cavalier
45:52 Plate Barding Armor
45:52 Iron Casting
45:11 Fletching
46:10 Crop Rotation
47:15 Heavy Scorpion
47:59 Tusk Swords
48:23 Conscription
Patk3
3:16 Loom
14:49 Feudal Age
15:42 Double-Bit Axe
17:11 Wheelbarrow
16:24 Town Watch
20:48 Castle Age
18:59 Horse Collar
22:06 Bow Saw
23:45 Heavy Plow
26:41 Scale Mail Armor
31:09 Forging
32:19 Fletching
34:25 Chain Mail Armor
40:54 Hand Cart
40:55 Anarchy
41:36 Squires
40:57 Pikeman
42:20 Town Patrol
43:16 Iron Casting
46:50 Imperial Age
46:53 Elite Huskarl
49:10 Blast Furnace
49:16 Two-Man Saw
48:00 Halberdier
49:15 Crop Rotation
GreyElf
13:19 Feudal Age
17:38 Castle Age
15:28 Double-Bit Axe
15:56 Loom
17:55 Stone Mining
17:57 Gold Mining
19:33 Fletching
21:07 Gold Shaft Mining
20:47 Bow Saw
26:38 Bodkin Arrow
27:45 Bloodlines
27:35 Husbandry
27:45 Padded Archer Armor
29:00 Leather Archer Armor
29:20 Husbandry
29:10 Horse Collar
30:11 Ballistics
31:24 Heavy Plow
36:29 Imperial Age
36:55 Cavalier
37:47 Scale Barding Armor
37:52 Forging
37:42 Bracer
38:19 Wheelbarrow
38:57 Conscription
39:05 Chain Barding Armor
38:55 Forging
39:27 Bracer
40:50 Plate Barding Armor
42:20 Forging
42:42 Ring Archer Armor
43:53 Kasbah
44:48 Iron Casting
44:31 Elite Camel Archer
46:33 Blast Furnace
47:55 Light Cavalry
HeHe
11:33 Loom
13:20 Feudal Age
14:55 Town Watch
15:27 Gold Mining
16:06 Horse Collar
16:51 Fletching
19:33 Double-Bit Axe
22:38 Wheelbarrow
27:56 Castle Age
30:04 Castle Age
31:46 Heavy Plow
33:07 Bow Saw
34:42 Hand Cart
45:30 Imperial Age
43:01 Stone Mining
44:59 Gold Shaft Mining
45:46 Town Patrol
48:16 Conscription
48:07 Bimaristan
48:33 Hoardings
48:13 Forging
48:08 Scale Barding Armor
48:00 Bodkin Arrow
48:06 Padded Archer Armor
49:36 Two-Man Saw
ze'ro
3:18 Loom
16:38 Feudal Age
17:39 Double-Bit Axe
17:41 Horse Collar
20:45 Castle Age
23:04 Bow Saw
27:05 Wheelbarrow
28:13 Hand Cart
28:50 Heavy Plow
31:47 Husbandry
31:57 Bloodlines
38:03 Bloodlines
38:06 Scale Barding Armor
38:11 Forging
44:07 Chain Barding Armor
44:24 Iron Casting
44:09 Gold Mining
44:10 Stone Mining
47:32 Imperial Age
47:38 Imperial Age
48:01 Gold Shaft Mining
48:02 Stone Shaft Mining
47:19 Cavalier
48:39 Plate Barding Armor
49:05 Blast Furnace
49:20 Two-Man Saw
Connection lost

Rejoining the realm…

Still unreachable

The connection could not be restored.

Session expired

The server has moved on; the page needs a fresh start.